 Dungeon Crawl Stone Soup version 0.25-a0-290-g4a1327ee3a (webtiles) character file.

Game seed: 13454572095508681903, levelgen mode: deterministic

33919 MisterFreud the Nimble (level 13, -2/114 HPs)
             Began as a Yellow Draconian Transmuter on Dec 14, 2019.
             Was a High Priest of Wu Jian.
             Shot with an arrow by Nessos (8 damage)
             ... on level 6 of the Lair of Beasts.
             The game lasted 00:48:45 (19553 turns).

MisterFreud the Nimble (DrTm)                      Turns: 19553, Time: 00:48:47

Health: -2/114     AC: 10    Str: 12    XL:     13   Next: 39%
Magic:  22/22      EV: 21    Int: 22    God:    Wu Jian [*****.]
Gold:   1073       SH:  3    Dex: 13    Spells: 10/25 levels left

rFire    . . .     SeeInvis .     - Unarmed
rCold    + . .     Gourm    .   (shield currently unavailable)
rNeg     . . .     Faith    .   (armour unavailable)
rPois    .         Spirit   .   (helmet restricted)
rElec    .         Reflect  +   q - +1 cloak
rCorr    +         Harm     .   (gloves currently unavailable)
MR       .....                  (no boots)
Stlth    +.........             y - +3 amulet of reflection
HPRegen  0.29/turn              x - ring of protection from cold
MPRegen  0.18/turn              o - +4 ring of intelligence

@: lethally poisoned (-2 -> -15), blade hands (expiring)
A: spit acid, unfitting armour, cold-blooded, acid resistance, AC +8
a: Breathe Acid, End Transformation, Wall Jump, Serpent's Lash, Heavenly Storm,
Renounce Religion


You were on level 6 of the Lair of Beasts.
You worshipped Wu Jian.
Wu Jian was extremely pleased with you.
You were not hungry.
You had blades for hands.
You visited 3 branches of the dungeon, and saw 19 of its levels.

You collected 1178 gold pieces.
You spent 105 gold pieces at shops.

Inventory:

Missiles
 a - 213 arrows
Armour
 q - a +1 cloak (worn)
 P - a +1 pair of gloves of archery (melded)
Jewellery
 k - an uncursed ring of stealth
 o - a +4 ring of intelligence (right scythe-like blade)
 w - a +4 ring of dexterity
 x - a ring of protection from cold (left scythe-like blade)
 y - a +3 amulet of reflection (around neck)
 A - a +3 ring of intelligence
 C - an uncursed ring of fire
 E - the amulet "Oppefeil" {Acrobat rF+ rC+ Str-5 SInv}
   (You took it off an efreet on level 11 of the Dungeon)

   [amulet of the acrobat]

   It helps you evade while moving and waiting.
   It affects your strength (-5).
   It protects you from fire.
   It protects you from cold.
   It lets you see invisible.
 H - the amulet "Doxod" {Reflect rF+ MR- Int+4 SH+3 SInv}
   (You took it off an orc priest on level 9 of the Dungeon)

   [amulet of reflection]

   It shields you and reflects attacks.
   It affects your intelligence (+4).
   It protects you from fire.
   It affects your resistance to hostile enchantments.
   It lets you see invisible.
   It affects your SH (+3).
 O - an uncursed ring of wizardry
 R - an uncursed ring of positive energy
 U - a +4 amulet of reflection
Wands
 g - a wand of random effects (66)
 j - a wand of acid (32)
 l - a wand of iceblast (12)
 n - a wand of digging (4)
 v - a wand of polymorph (23)
 z - a wand of flame (28)
 F - a wand of disintegration (15)
 V - a wand of scattershot (7)
Scrolls
 b - 5 scrolls of teleportation
 d - 7 scrolls of remove curse
 f - 2 scrolls of fear
 h - 11 scrolls of amnesia
 u - 3 scrolls of blinking
 B - 4 scrolls of enchant weapon
 D - 2 scrolls of magic mapping
 K - 3 scrolls of enchant armour
Potions
 e - 3 potions of resistance
 i - 6 potions of ambrosia
 m - 3 potions of lignification
 p - 3 potions of berserk rage
 r - 5 potions of degeneration
 s - 2 potions of brilliance
 t - 4 potions of flight
 G - 3 potions of heal wounds
 I - 2 potions of magic
 J - 2 potions of agility
 L - 4 potions of haste
 M - a potion of might
 N - a potion of invisibility
 Q - 3 potions of curing
 S - a potion of mutation
Miscellaneous
 X - a sack of spiders
Comestibles
 c - 21 rations
 T - 11 chunks of flesh


   Skills:
 + Level 10.4 Fighting
 - Level 14.0 Dodging
 + Level 12.2 Unarmed Combat
 + Level 6.5 Spellcasting
 - Level 10.0 Transmutations


You had 10 spell levels left.
You knew the following spells:

 Your Spells              Type           Power        Failure   Level  Hunger
a - Beastly Appendage     Tmut           ######       8%          1    None
b - Sticks to Snakes      Tmut           ######..     9%          2    None
c - Spider Form           Tmut/Pois      ####......   26%         3    #......
d - Blade Hands           Tmut           ######....   30%         5    #####..
e - Ice Form              Ice/Tmut       ####....     47%         4    ###....

Your spell library contained the following spells:

 Spells                   Type           Power        Failure   Level  Hunger
 Animate Skeleton         Necr           N/A          43%         1    None
 Confusing Touch          Hex            #.....       43%         1    None
 Corona                   Hex            #......      43%         1    None
 Magic Dart               Conj           #...         43%         1    None
 Pain                     Necr           #...         43%         1    None
 Petrify                  Tmut/Erth      ####....     47%         4    ###....
 Blink                    Tloc           N/A          52%         2    None
 Call Imp                 Summ           #.......     52%         2    None
 Ensorcelled Hibernation  Hex/Ice        #.....       52%         2    None
 Poisonous Vapours        Pois/Air       #.....       52%         2    None
 Slow                     Hex            #.......     52%         2    None
 Swiftness                Chrm/Air       #.......     52%         2    None
 Confuse                  Hex            #.......     69%         3    #......
 Conjure Flame            Conj/Fire      #.......     69%         3    #......
 Dazzling Flash           Conj/Hex       #.....       69%         3    #......
 Gell's Gravitas          Tloc           #.........   69%         3    #......
 Mephitic Cloud           Conj/Pois/Air  #.......     69%         3    #......
 Recall                   Summ/Tloc      N/A          69%         3    #......
 Regeneration             Chrm/Necr      #.........   69%         3    #......
 Tukima's Dance           Hex            #.......     69%         3    #......
 Vampiric Draining        Necr           #.........   69%         3    #......
 Yara's Violent Unravell  Hex/Tmut       ####......   73%         5    #####..
 Animate Dead             Necr           N/A          94%         4    ###....
 Summon Ice Beast         Ice/Summ       #.......     94%         4    ###....
 Summon Lightning Spire   Summ/Air       #.......     94%         4    ###....
 Iskenderun's Battlesphe  Conj/Chrm      #.......     99%         5    #####..
 Metabolic Englaciation   Hex/Ice        #.........   99%         5    #####..
 Silence                  Hex/Air        #.........   99%         5    #####..
 Conjure Ball Lightning   Conj/Air       #.........   100%        6    ######.
 Deflect Missiles         Chrm/Air       #.........   100%        6    ######.
 Freezing Cloud           Conj/Ice/Air   #.........   100%        6    ######.
 Shadow Creatures         Summ           N/A          100%        6    ######.
 Ring of Flames           Chrm/Fire      #.........   100%        7    #######
 Tornado                  Air            #.........   100%        9    #######


Dungeon Overview and Level Annotations

Branches:
Dungeon (12/15)            Temple (1/1) D:7            Lair (6/6) D:8
 Shoals (0/4) Lair:2        Snake (0/4) Lair:3        Slime (0/5) Lair:5
    Orc (0/2) D:12

Altars:
Ashenzari
Cheibriados
Dithmenos
Elyvilon
Fedhas
Gozag
Hepliaklqana
Kikubaaqudgha
Makhleb
Nemelex Xobeh
Okawaru
Qazlal
Sif Muna
Vehumet
Wu Jian
Xom
Yredelemnul
Zin
The Shining One

Shops:
D:5 *   D:8 }   D:10 *   D:12 ?

Annotations:
Lair:6 Nessos


Innate Abilities, Weirdness & Mutations

You can spit globs of acid.
Your golden yellow scales are hard. (AC +8)
You cannot fit into any form of body armour.
You are cold-blooded and may be slowed by cold attacks.
You are resistant to acid. (rCorr)


Message History

Your transformation is almost over.
You feel sick.
Nessos unwields a +1 longbow of flaming.
It stops flaming.
Nessos hits the fungus!
You feel sick.
Nessos hits the fungus.
Nessos hits the fungus!
You feel sick.
Nessos hits the fungus!
Nessos intently looks at you, slowly moving their tail.
You feel sick.
You feel sick.
You feel sick.
Nessos wields a +1 longbow of flaming.
It bursts into flame!
Nessos shoots an arrow.
The arrow closely misses you.
You see here an arrow.
You feel sick.
Nessos blinks!
You feel sick.
Nessos pounds the earth with their hooves.
Nessos shoots an arrow.
The arrow hits you!!
* * * LOW HITPOINT WARNING * * *
The arrow burns you!
You are more poisoned.
You die...

### # #####.### # ##..PP...##
##### #........P# ##....
#####.(.@.<..## #P....
###..........÷..### ##.....
#...#..........##.###......
##..................###....
#..................###....
###..#..............P.#....
##..c#.#......÷..÷.....÷....
##.#...#..............÷.....)
#P....##.....................


You could see Nessos.

Vanquished Creatures
  2 hydras
  A two-headed ogre (D:11)
  Urug (Lair:3)
  An unseen horror (D:11)
  A cyclops (D:11)
  A manticore (D:11)
  3 ugly things (D:11)
  3 black mambas
  A centaur skeleton (D:10)
  15 spiny frogs
  8 komodo dragons
  A rime drake (Lair:5)
  An efreet (D:11)
  4 merfolk (Lair:2)
  A meliai (D:11)
  7 blink frogs
  A troll (D:11)
  A hornet (D:12)
  Grinder (D:6)
  9 dream sheep
  6 hippogriffs
  A meliai zombie (D:10)
  6 wyverns
  28 yaks
  A basilisk (Lair:1)
  2 wraiths (D:11)
  Grum (D:11)
  3 hungry ghosts
  A naga (Lair:3)
  An acid dragon (D:11)
  20 water moccasins
  9 porcupines
  4 ice beasts
  3 phantoms
  4 orc warriors
  A sky beast (D:7)
  2 black bears (D:6)
  5 ogres
  3 wolves (D:11)
  6 centaurs
  10 crocodiles
  2 big kobolds
  Blork the orc (D:6)
  10 bullfrogs
  4 scorpions
  6 howler monkeys
  4 crimson imps
  9 hounds
  A jelly (D:6)
  12 orc priests
  8 orc wizards
  3 bullfrog skeletons
  Terence (D:3)
  An iguana (D:12)
  3 worker ants
  2 hound zombies
  A hound skeleton (D:10)
  A howler monkey zombie (D:8)
  3 gnolls (D:7)
  14 adders
  2 shadow imps
  3 oozes
  An adder skeleton (D:5)
  2 dart slugs
  10 leopard geckos
  46 orcs
  6 giant cockroaches
  7 goblins
  9 hobgoblins
  10 jackals
  10 quokkas
  A ball python (D:4)
  10 bats
  7 frilled lizards
  14 kobolds
  A leopard gecko zombie (D:8)
  A quokka zombie (D:9)
  8 rats
414 creatures vanquished.

Vanquished Creatures (collateral kills)
  A jelly (D:7)
  3 adders
  A worm (D:2)
5 creatures vanquished.

Vanquished Creatures (others)
  A kobold (D:12)
  18 fungi
  10 plants
29 creatures vanquished.

Grand Total: 448 creatures vanquished

Notes
Turn   | Place    | Note
-------+----------+-------------------------------------------
     0 | D:1      | MisterFreud the Draconian Transmuter began the quest for
                  | the Orb.
     0 | D:1      | Reached XP level 1. HP: 16/16 MP: 3/3
   419 | D:1      | Reached XP level 2. HP: 23/23 MP: 3/5
   607 | D:1      | Learned a level 2 spell: Sticks to Snakes
   925 | D:1      | Reached XP level 3. HP: 27/28 MP: 7/7
  1152 | D:1      | Learned a level 3 spell: Spider Form
  1382 | D:2      | Found an iron altar of Okawaru.
  1438 | D:2      | Reached XP level 4. HP: 15/35 MP: 6/8
  1753 | D:2      | Found a glowing golden altar of the Shining One.
  2510 | D:3      | Noticed Terence
  2527 | D:3      | Killed Terence
  2527 | D:3      | Reached XP level 5. HP: 33/40 MP: 7/10
  2977 | D:3      | Reached skill level 5 in Transmutations
  2980 | D:3      | Reached XP level 6. HP: 35/47 MP: 9/12
  3510 | D:4      | Found a stormy altar of Qazlal.
  3516 | D:4      | Found a white marble altar of Elyvilon.
  3889 | D:4      | Your scales start taking on a golden yellow colour.
  3889 | D:4      | Reached XP level 7. HP: 53/57 MP: 9/13
  3889 | D:4      | Gained mutation: You are resistant to acid. (rCorr) [Yellow
                  | Draconian growth]
  4608 | D:5      | Entered Level 5 of the Dungeon
  4928 | D:5      | Reached skill level 5 in Unarmed Combat
  5162 | D:5      | Found a snail-covered altar of Cheibriados.
  5166 | D:5      | Identified Sif Muna's Disquisition on Assistive Calling
  5218 | D:5      | Found Egreduash's Assorted Antiques.
  5223 | D:5      | Found a sparkling altar of Nemelex Xobeh.
  5227 | D:5      | Bought a scroll labeled UMUYMA ITSANEI for 23 gold pieces
  5228 | D:5      | Bought an orange potion for 20 gold pieces
  5346 | D:5      | Reached XP level 8. HP: 11/66 MP: 4/14
  5990 | D:6      | Reached skill level 5 in Spellcasting
  6333 | D:6      | Noticed Grinder
  6347 | D:6      | Paralysed by Grinder for 3 turns
  6353 | D:6      | Killed Grinder
  6561 | D:6      | Found a basalt altar of Yredelemnul.
  6634 | D:6      | Noticed Blork the orc
  6646 | D:6      | Killed Blork the orc
  6723 | D:6      | Learned a level 5 spell: Blade Hands
  7117 | D:7      | Reached XP level 9. HP: 44/71 MP: 15/18
  7476 | D:7      | Found a staircase to the Ecumenical Temple.
  7488 | Temple   | Entered the Ecumenical Temple
  7500 | Temple   | Became a worshipper of the Wu Jian Council
  7702 | D:8      | Found a staircase to the Lair.
  7885 | D:8      | Found a shattered altar of Ashenzari.
  8288 | D:8      | Reached skill level 10 in Transmutations
  8349 | D:8      | Found Othruf's Gadget Shop.
  8376 | D:8      | Found a hazy altar of Hepliaklqana.
  9051 | D:9      | Noticed a troll
  9376 | D:8      | Reached skill level 5 in Fighting
  9471 | D:9      | Identified the amulet "Doxod" {Reflect rF+ MR- Int+4 SH+3
                  | SInv}
  9478 | D:9      | Reached XP level 10. HP: 70/83 MP: 14/19
  9563 | D:9      | Reached * piety under Wu Jian
  9941 | D:10     | Entered Level 10 of the Dungeon
 10042 | D:10     | Found Mehufuir's Assorted Antiques.
 10230 | D:10     | You fall into a shaft and drop 1 floor!
 10267 | D:11     | Noticed a brown ugly thing
 10275 | D:11     | Killed a brown ugly thing
 10470 | D:11     | Noticed a cyclops
 10819 | D:10     | Reached skill level 10 in Unarmed Combat
 10876 | D:10     | Reached ** piety under Wu Jian
 10876 | D:10     | Reached skill level 2 in Dodging
 10973 | D:10     | Reached skill level 3 in Dodging
 11098 | D:10     | Bought a glowing orange potion for 26 gold pieces
 11220 | D:11     | Noticed Grum
 11229 | D:11     | Killed Grum
 11229 | D:11     | Reached XP level 11. HP: 94/94 MP: 15/20
 11234 | D:11     | Reached skill level 4 in Dodging
 11266 | D:11     | Noticed a two-headed ogre
 11272 | D:11     | Killed a two-headed ogre
 11323 | D:11     | Reached skill level 5 in Dodging
 11369 | D:11     | Killed an unseen horror
 11596 | D:11     | Reached skill level 6 in Dodging
 11779 | D:11     | Noticed a red ugly thing
 12165 | D:11     | Noticed a cyan ugly thing
 12172 | D:11     | Killed a cyan ugly thing
 12177 | D:11     | Killed a cyan ugly thing
 12177 | D:11     | Reached *** piety under Wu Jian
 12182 | D:11     | Identified the amulet "Oppefeil" {Acrobat rF+ rC+ Str-5
                  | SInv}
 12685 | D:12     | Found a staircase to the Orcish Mines.
 12735 | D:12     | Found Uraepp's Magic Scroll Emporium.
 12743 | D:12     | Bought a scroll of teleportation for 36 gold pieces
 13159 | D:8      | Learned a level 4 spell: Ice Form
 13171 | Lair:1   | Entered Level 1 of the Lair of Beasts
 13351 | Lair:1   | Reached skill level 7 in Dodging
 13441 | Lair:1   | Reached XP level 12. HP: 19/103 MP: 15/21
 13796 | Lair:1   | Reached skill level 8 in Dodging
 13987 | Lair:1   | Reached **** piety under Wu Jian
 14043 | Lair:1   | Reached skill level 9 in Dodging
 14210 | Lair:1   | Found a radiant altar of Vehumet.
 14528 | Lair:2   | Reached skill level 10 in Fighting
 14677 | Lair:2   | Reached skill level 10 in Dodging
 15016 | Lair:2   | Found a staircase to the Shoals.
 15185 | Lair:3   | Found an ancient bone altar of Kikubaaqudgha.
 15200 | Lair:3   | Reached skill level 11 in Dodging
 15265 | Lair:3   | Noticed Urug
 15288 | Lair:3   | Killed Urug
 15313 | Lair:3   | Found a staircase to the Snake Pit.
 15337 | Lair:3   | Reached skill level 12 in Dodging
 16783 | Lair:4   | Reached skill level 13 in Dodging
 17659 | Lair:5   | Reached XP level 13. HP: 86/113 MP: 18/22
 17705 | Lair:5   | Found a staircase to the Slime Pits.
 18275 | Lair:6   | Entered Level 6 of the Lair of Beasts
 18316 | Lair:6   | Noticed Nessos
 19114 | Lair:6   | Reached skill level 14 in Dodging
 19185 | Lair:6   | Reached ***** piety under Wu Jian
 19553 | Lair:6   | Shot with an arrow by Nessos

Levels and vault maps discovered:
D:1:      minmay_arrival_split_and_join, layout_rooms
D:2:      layout_basic, tso_oasis_becter, overflow_temple_1_default,
          minmay_pentomino_pile
D:3:      layout_basic, uniq_terence
D:4:      minmay_general_purpose_star, layout_basic, old_standard_altar,
          elyvilon_altar_1
D:5:      layout_rooms, old_standard_altar, lemuel_crystal_altar, serial_shops,
          shop, first_ration, nrook_mini_backslash
D:6:      layout_loops_ring, lemuel_crystal_altar, glass_columns_a,
          uniq_grinder, uniq_blork_the_orc
D:7:      cheibrodos_quashed, layout_rooms, minmay_temple_entry_mist,
          grunt_ministairs_10
D:8:      layout_basic, kennysheep_mini_moat, ashenzari_conservatory_becter,
          dpeg_oklobed_lair, serial_shops, nicolae_shop_trees
D:9:      layout_long_grid
D:10:     layout_loops_ring, serial_shops, shop_coins
D:11:     minmay_the_grid_octo_triangle [minmay_the_grid_octo_clover_2,
          minmay_the_grid_octo_prize_square_snowflake,
          minmay_the_grid_octo_fat_diamond], layout_irregular_city, uniq_grum
D:12:     layout_irregular_city, orc_0_dummy, serial_shops, shop
Temple:   cyrus_circular_temple
Lair:1:   layout_chaotic_city, basic_altar, guppyfry_lair_drakes
Lair:2:   layout_loops_ring, elwin_shoals_entry_stream
Lair:3:   layout_small_grid, guppyfry_snake_entry_garden, basic_altar,
          beast_lair_carwin_3, uniq_urug
Lair:4:   layout_regular_city
Lair:5:   layout_roguey, nicolae_slime_entry_slimehenge, grunt_megastairs_2
Lair:6:   hangedman_lair_tendril_chambers, layout_gridlike, lemuel_fruit_tree,
          uniq_nessos

Skill      XL: |  1  2  3  4  5  6  7  8  9 10 11 12 13 |
---------------+----------------------------------------+-----
Transmutations | 3 4 5 7 10 | 10.0
Spellcasting   | 3 4 6 |  6.5
Fighting       | 3 4 5 8 10 | 10.4
Unarmed Combat | 4 6 7 10 12 | 12.2
Dodging        | 3 7 13 14 | 14.0

Action                   |  1- 3 |  4- 6 |  7- 9 | 10-12 | 13-15 || total
-------------------------+-------+-------+-------+-------+-------++-------
Melee: Unarmed           |   158 |   184 |   372 |   508 |    95 ||  1317
       Headbutt          |     5 |     2 |       |       |       ||     7
       Tailslap          |    11 |     6 |    13 |    56 |     9 ||    95
       Kick              |     7 |       |       |       |       ||     7
       Punch             |     3 |     1 |     2 |    10 |     3 ||    19
 Cast: Beastly Appendage |    15 |     2 |       |       |       ||    17
       Sticks to Snakes  |     3 |     3 |     1 |       |       ||     7
       Spider Form       |       |    17 |    31 |       |       ||    48
       Blade Hands       |       |       |     8 |    67 |    16 ||    91
       Ice Form          |       |       |       |       |     2 ||     2
Invok: Lunge             |       |       |     6 |    33 |     4 ||    43
       Whirlwind         |       |       |       |    11 |       ||    11
 Abil: End Transformatio |       |       |     5 |     3 |     1 ||     9
       Breathe Acid      |       |       |     2 |    23 |     5 ||    30
Evoke: Wand              |       |       |       |     1 |       ||     1
  Use: Scroll            |       |       |    20 |     9 |     5 ||    34
       Potion            |       |       |     4 |     1 |       ||     5
 Stab: Sleeping          |       |     7 |     3 |       |       ||    10
  Eat: Chunk             |     2 |    10 |    19 |    46 |     5 ||    82
       Ration            |       |       |     2 |     1 |     2 ||     5
Armor: Skin              |    82 |    29 |    73 |    74 |    11 ||   269
Dodge: Dodged            |   155 |    99 |   241 |   263 |    67 ||   825
Block: Other             |       |       |    32 |    35 |     9 ||    76
       Reflection        |       |       |       |     3 |       ||     3

Table legend:
 A = Non-vault XP
 B = Vault XP
 C = Vault XP percentage of total XP
 D = Non-vault monster count
 E = Vault monster count
 F = Vault count percentage of total count
                 A         B        C        D         E       F
            +---------+---------+-------+---------+---------+-------
      Total |   34062 |   14395 |  29.7 |     349 |      70 |  16.7
            +---------+---------+-------+---------+---------+-------
        D:1 |      51 |       0 |   0.0 |      31 |       0 |   0.0
        D:2 |      49 |      19 |  27.9 |      14 |       4 |  22.2
        D:3 |     327 |      38 |  10.4 |      33 |       1 |   2.9
        D:4 |     251 |      70 |  21.8 |      13 |       3 |  18.8
        D:5 |     684 |       0 |   0.0 |      20 |       0 |   0.0
        D:6 |     634 |     415 |  39.6 |      16 |       3 |  15.8
        D:7 |     900 |     151 |  14.4 |      17 |       3 |  15.0
        D:8 |     963 |       0 |   0.0 |      21 |       0 |   0.0
        D:9 |    2073 |       0 |   0.0 |      30 |       0 |   0.0
       D:10 |    2463 |       0 |   0.0 |      21 |       0 |   0.0
       D:11 |    1557 |    6057 |  79.6 |      24 |      23 |  48.9
       D:12 |    2454 |       0 |   0.0 |      24 |       0 |   0.0
     Lair:1 |    7529 |     145 |   1.9 |      34 |       1 |   2.9
     Lair:2 |     928 |    1232 |  57.0 |       3 |       4 |  57.1
     Lair:3 |    4198 |    2003 |  32.3 |      19 |       8 |  29.6
     Lair:4 |    2290 |       0 |   0.0 |      10 |       0 |   0.0
     Lair:5 |    3873 |    1676 |  30.2 |      12 |       9 |  42.9
     Lair:6 |    2838 |    2589 |  47.7 |       7 |      11 |  61.1
            +---------+---------+-------+---------+---------+-------
